 Dungeon Crawl Stone Soup version 0.15-a0-1004-gbf4e2e6 (console) character file.

299 Rage the Basher (level 6, -2/59 HPs)
             Began as an Ogre Gladiator on May 25, 2014.
             Was an Initiate of Cheibriados.
             Slain by an orc wizard
             ... wielding a +0,+0 dagger
              (4 damage)
             ... while paralysed by a potion of paralysis
             ... on Level 5 of the Dungeon.
             The game lasted 00:07:41 (1455 turns).

Rage the Basher (Ogre Gladiator)                    Turns: 1455, Time: 00:07:42

HP  -2/59        AC  3     Str 21 (22) XL: 6   Next: 36%
MP   6/8         EV  1     Int  8      God: Cheibriados [......]
Gold 85          SH  0     Dex 13      Spells:  0 memorised,  5 levels left

rFire  . . .     SeeInvis .     e - +3,+1 flail (crush)
rCold  . . .     Clarity  .     u - +0 robe
rNeg   . . .     Conserve .     (shield restricted)
rPois  +         rCorr    .     c - +0 hat
rElec  .         rRot     .     (no cloak)
SustAb .         Spirit   .     (gloves unavailable)
rMut   .         Warding  .     (boots unavailable)
Gourm  .         Stasis   .     (no amulet)
MR     .....                    (no ring)
                                s - ring of poison resistance

@: paralysed, very slow, not resistant to hostile enchantments, very unstealthy
A: unfitting armour, tough skin 1
a: Bend Time, Renounce Religion


You were on level 5 of the Dungeon.
You worshipped Cheibriados.
Cheibriados was noncommittal.
You were not hungry.

You visited 2 branches of the dungeon, and saw 6 of its levels.

You collected 85 gold pieces.

Inventory:

Hand weapons
 a - a +0,+1 flail
 e - a +3,+1 flail of crushing (weapon)
Armour
 c - a +0 hat (worn)
 u - a +0 robe (worn)
Magical devices
 b - a wand of magic darts (0)
Comestibles
 f - a meat ration
 h - a bread ration
 j - 2 apples
 p - an apricot
Scrolls
 g - 2 scrolls of remove curse
 q - a scroll of blinking {unknown}
 r - a scroll of fear {unknown}
 w - a scroll of noise {unknown}
Jewellery
 i - an uncursed amulet of stasis
 s - a ring of poison resistance (left hand)
Potions
 m - a potion of resistance {unknown}
 n - a potion of haste {unknown}
 o - a potion of magic {unknown}
 t - a potion of lignification {unknown}


   Skills:
 - Level 2.6 Fighting
 + Level 8.3 Maces & Flails
 - Level 2.1 Throwing
 - Level 2.6 Dodging
 + Level 2.9 Invocations


You had 5 spell levels left.
You didn't know any spells.

Dungeon Overview and Level Annotations

Branches:
Dungeon (5/15)             Temple (1/1) D:4

Altars:
Cheibriados
Dithmenos
Elyvilon
Gozag
Kikubaaqudgha
Makhleb
Okawaru
Qazlal
Sif Muna
Trog
Vehumet
Yredelemnul
The Shining One


Innate Abilities, Weirdness & Mutations

You are too large for most types of armour.
You have tough skin (AC +1).


Message History

Unknown command.
Unknown command.
Drink which item? (? for menu, Esc to quit)
Okay, then.
Unknown command.
Drink which item? (? for menu, Esc to quit)
There was something very wrong with that liquid!
You feel weakened.
It was a potion of degeneration.
The orc struggles against the net.
Something hits you.
* * * LOW HITPOINT WARNING * * *
Drink which item? (? for menu, Esc to quit)
You suddenly lose the ability to move!
It was a potion of paralysis.
The orc struggles against the net.
You hear some strange, mumbled words.
A puff of flame appears from out of thin air!
Helpless, you fail to dodge the puff of flame.
* * * LOW HITPOINT WARNING * * *
The orc struggles against the net.
Something hits you.
You die...

.# #...# #....... .
#...# #[###.#. ## #.
#...# #.# #.#.
...#.####...#####.#
#(.
.)...............#.#
#.#.
#.............#...#
#.#(
#.##..oo........###
#.#
......##[#..).####
#.# #### #@#....# .
#.#....# #.#....#
#......# .....###
######


You could see 2 orcs.

Vanquished Creatures
  Edmund (D:5)
  A hound (D:4)
  2 orc wizards
  6 adders
  A worm (D:3)
  2 giant geckos
  2 orcs
  2 ball pythons
  6 bats
  2 giant cockroaches
  8 goblins
  5 hobgoblins
  A jackal (D:2)
  3 kobolds
  2 giant newts (D:1)
  4 rats
48 creatures vanquished.

Notes
Turn   | Place    | Note
--------------------------------------------------------------
     0 | D:1      | Rage, the Ogre Gladiator, began the quest for the Orb.
     0 | D:1      | Reached XP level 1. HP: 22/22 MP: 1/1
   104 | D:1      | Reached XP level 2. HP: 15/29 MP: 2/2
   259 | D:2      | Reached skill level 5 in Maces & Flails
   429 | D:2      | Reached XP level 3. HP: 23/36 MP: 3/3
   590 | D:3      | Reached skill level 6 in Maces & Flails
   624 | D:3      | Reached XP level 4. HP: 26/44 MP: 4/4
   926 | D:4      | Reached skill level 7 in Maces & Flails
   970 | D:4      | Reached XP level 5. HP: 27/50 MP: 5/5
  1170 | D:4      | Found a staircase to the Ecumenical Temple.
  1186 | Temple   | Entered the Ecumenical Temple
  1229 | Temple   | Became a worshipper of Cheibriados the Contemplative
  1306 | D:4      | Found a bloodstained altar of Trog.
  1368 | D:5      | Entered Level 5 of the Dungeon
  1400 | D:5      | Noticed Edmund
  1416 | D:5      | Killed Edmund
  1416 | D:5      | Reached skill level 8 in Maces & Flails
  1416 | D:5      | Reached XP level 6. HP: 40/59 MP: 2/8
  1454 | D:5      | Paralysed by a potion of paralysis for 3 turns
  1454 | D:5      | HP: 1/59 [something/puff of flame (8)]
  1455 | D:5      | Slain by an orc wizard

Action                   |  1- 3 |  4- 6 || total
-------------------------+-------+-------++-------
Melee: Flail             |    74 |    94 ||   168
Throw: Throwing net      |     6 |     3 ||     9
Invok: Bend Time         |       |     1 ||     1
  Use: Scroll            |       |     3 ||     3
       Potion            |       |     2 ||     2
 Stab: Held in net/web   |     1 |     1 ||     2
